 Dungeon Crawl Stone Soup version 0.24.0-13-gcf9b319 (webtiles) character file.

Game seed: 341050381921356729, levelgen mode: deterministic

7314 Fang the Fighter (level 11, -2/71 HPs)
             Began as a Gargoyle Berserker on Dec 9, 2019.
             Was an Elder of Trog.
             Slain by an ice beast (11 damage)
             ... on level 9 of the Dungeon.
             The game lasted 00:08:38 (7618 turns).

Fang the Fighter (Gargoyle Berserker)               Turns: 7618, Time: 00:08:38

Health: -2/71      AC: 21    Str: 27    XL:     11   Next: 13%
Magic:  11/11      EV: 10    Int: 11    God:    Trog [****..]
Gold:   682        SH:  5    Dex:  9    Spells: 10/10 levels left

rFire    . . .     SeeInvis .   e - +0 war axe (chop)
rCold    . . .     Gourm    .   B - +0 buckler
rNeg     + . .     Faith    .   b - +0 plate armour
rPois    ∞         Spirit   .   (no helmet)
rElec    +         Reflect  .   (no cloak)
rCorr    +         Harm     .   (no gloves)
MR       .....                  (no boots)
Stlth    ..........             D - amulet of the acrobat
HPRegen  0.21/turn              G - ring "Egal" {Str+4 Int+2}
MPRegen  0.12/turn              H - ring of resist corrosion

@: berserk cooldown, slowed, very slow
A: negative energy resistance 1, electricity resistance, unbreathing,
petrification resistance, rot immunity, AC +8
a: Berserk, Trog's Hand, Brothers in Arms, Renounce Religion


You were on level 9 of the Dungeon.
You worshipped Trog.
Trog was greatly pleased with you.
You were hungry.

You visited 2 branches of the dungeon, and saw 10 of its levels.

You collected 682 gold pieces.

Inventory:

Hand Weapons
 a - a +1 broad axe
 e - a +0 war axe of chopping (weapon)
 J - a +0 hand axe of flaming
Armour
 b - a +0 plate armour (worn)
 B - a +0 buckler (worn)
Jewellery
 g - an uncursed ring of protection from cold
 D - an amulet of the acrobat (around neck)
 G - the ring "Egal" (left hand) {Str+4 Int+2}
   (You found it on level 7 of the Dungeon)

   [ring of intelligence]

   It affects your strength (+4).
   It affects your intelligence (+2).
 H - a ring of resist corrosion (right hand)
Wands
 p - a wand of flame (16)
 s - a wand of random effects (18)
 y - a wand of acid (18)
 E - a wand of polymorph (3)
 K - a wand of paralysis (9)
Scrolls
 n - 5 scrolls of identify
 o - 2 scrolls of teleportation
 t - a scroll of fog
Potions
 d - 2 potions of agility
 i - 6 potions of curing
 j - 2 potions of ambrosia
 l - 3 potions of might
 q - 2 potions of flight
 w - 2 potions of haste
 x - a potion of berserk rage
 A - 2 potions of mutation
Comestibles
 c - 21 rations


   Skills:
 + Level 9.0 Fighting
 + Level 7.4 Axes
 + Level 8.6 Armour
 + Level 6.5 Dodging
 + Level 8.1 Shields


You had 10 spell levels left.
You didn't know any spells.
Your spell library was empty.

Dungeon Overview and Level Annotations

Branches:
Dungeon (9/15)             Temple (1/1) D:5
   Lair: D:8-11         Orc: D:9-12

Altars:
Ashenzari
Cheibriados
Elyvilon
Fedhas
Hepliaklqana
Kikubaaqudgha
Makhleb
Okawaru
Ru
Sif Muna
Uskayaw
Wu Jian
Yredelemnul
The Shining One


Innate Abilities, Weirdness & Mutations

You are resistant to torment.
Your stone body is resilient. (AC +8)
You are immune to poison.
You resist negative energy. (rN+)
You are resistant to electric shocks. (rElec)
You can survive without breathing.
You are immune to petrification.
You are immune to rotting.


Message History

Your magical contamination has completely faded away.
You hit the jackal.
You kill the jackal!
Trog accepts your kill.
You slice the jackal!!
You kill the jackal!
Trog accepts your kill.
You slash the jackal!
You feel the power of Trog in you as your rage grows.
You kill the jackal!
Trog accepts your kill.
You feel a strong urge to attack something.
You are no longer berserk.
You are exhausted.
You feel yourself slow down. The ice beast misses you.
The ice beast hits you but does no damage.
You hit the ice beast but do no damage. The ice beast hits you.
* * * LOW HITPOINT WARNING * * *
The ice beast freezes you!
You die...

,,**,,,,****,,,,#..###..##
,,,,,,,,,###.............#
,,,,,,,,,................#
,,,,,,,,,,#.......,###.!.#
,,,,,,,,,,#.......*#...###
,,,,,<,,,##......###...#
,,,,,,,,,#........#..###
,,,,,*,,,.......Y##.###
,,,,**,,,,,#....@.#...##
,,,,,,,,,,,#...........#
,,,,,,,,,,,#.......)...#*********
,,,,,,,,*...............?..,,,,,,
,,,,,,,,,...............###*****,
,,,,,,,,,###..........###***** *,
,,,,,,,,,,*#.!.......##≈≈≈≈≈≈****
,,,,,,,,,,........>.##≈≈,,,,≈≈≈**
,,,,,,>,,*..........#≈≈,,,,,,,≈≈*


You could see an ice beast.

Vanquished Creatures
  A hydra (D:8)
  A two-headed ogre (D:9)
  The ghost of Fang the Fighter, a novice GrBe of Trog (D:7)
  A manticore (D:6)
  Joseph (D:7)
  2 hippogriffs (D:7)
  2 dream sheep (D:8)
  Sigmund (D:6)
  3 yaks
  Eustachio (D:6)
  Edmund (D:4)
  An ice beast (D:7)
  2 orc warriors
  A black bear (D:7)
  2 phantoms
  3 ogres
  3 centaurs
  4 big kobolds
  3 bullfrogs
  A scorpion (D:7)
  A wight (D:7)
  A howler monkey (D:7)
  2 crimson imps
  A bullfrog zombie (D:2)
  5 quasits (D:7)
  4 hounds
  4 orc priests
  A bullfrog skeleton (D:8)
  A jelly (D:7)
  9 orc wizards
  An iguana (D:7)
  Ijyb (D:5)
  Natasha (thrice) (D:2)
  14 worker ants
  A killer bee zombie (D:7)
  2 hound zombies
  2 worker ant zombies (D:7)
  7 adders
  2 shadow imps (D:7)
  An adder skeleton (D:6)
  2 worms
  A dart slug (D:2)
  2 leopard geckos
  26 orcs
  8 bats
  4 giant cockroaches
  6 hobgoblins
  17 jackals
  8 kobolds
  4 quokkas
  3 ball pythons
  A ball python skeleton (D:4)
  3 frilled lizards
  2 goblins
  A quokka skeleton (D:4)
  7 rats
193 creatures vanquished.

Vanquished Creatures (others)
  An orc (D:7)
1 creature vanquished.

Grand Total: 194 creatures vanquished

Notes
Turn   | Place    | Note
-------+----------+-------------------------------------------
     0 | D:1      | Fang the Gargoyle Berserker began the quest for the Orb.
     0 | D:1      | Reached XP level 1. HP: 14/14 MP: 1/1
   299 | D:1      | Reached XP level 2. HP: 16/19 MP: 2/2
   928 | D:2      | Noticed Natasha
   937 | D:2      | Killed Natasha
   937 | D:2      | Reached XP level 3. HP: 21/24 MP: 3/3
  1114 | D:2      | Reached skill level 1 in Shields
  1114 | D:2      | Reached XP level 4. HP: 9/29 MP: 4/4
  1386 | D:2      | Found a blossoming altar of Fedhas.
  1765 | D:2      | Found a basalt altar of Yredelemnul.
  1765 | D:2      | Found a glowing golden altar of the Shining One.
  1765 | D:2      | Noticed Natasha
  1771 | D:2      | Killed Natasha
  1771 | D:2      | Reached skill level 4 in Fighting
  1771 | D:2      | Reached XP level 5. HP: 32/33 MP: 5/5
  1779 | D:2      | Found a hide-covered altar of Uskayaw.
  1789 | D:2      | Found a hazy altar of Hepliaklqana.
  1790 | D:2      | Found a sacrificial altar of Ru.
  2015 | D:2      | Noticed Natasha
  2027 | D:2      | Killed Natasha
  2149 | D:3      | Reached ** piety under Trog
  2175 | D:3      | HP: 1/33 [leopard gecko (2)]
  2654 | D:3      | Found a faded altar of an unknown god.
  2780 | D:3      | Noticed an orc warrior
  2781 | D:3      | Reached XP level 6. HP: 39/39 MP: 6/6
  2790 | D:3      | Killed an orc warrior
  3051 | D:4      | Reached XP level 7. HP: 44/44 MP: 7/7
  3440 | D:4      | Noticed Edmund
  3469 | D:4      | Killed Edmund
  3469 | D:4      | Reached skill level 5 in Fighting
  3765 | D:5      | Entered Level 5 of the Dungeon
  3944 | D:5      | Noticed Ijyb
  3951 | D:5      | Killed Ijyb
  4288 | D:5      | Reached XP level 8. HP: 50/50 MP: 8/8
  4458 | D:5      | Found a staircase to the Ecumenical Temple.
  4586 | Temple   | Entered the Ecumenical Temple
  4634 | D:6      | Noticed a manticore
  4636 | D:6      | Reached skill level 5 in Armour
  4664 | D:6      | Killed a manticore
  4664 | D:6      | Reached skill level 6 in Fighting
  4664 | D:6      | Reached skill level 5 in Axes
  4740 | D:6      | Reached *** piety under Trog
  4765 | D:6      | Reached skill level 5 in Shields
  4893 | D:6      | Noticed Eustachio
  4939 | D:6      | Killed Eustachio
  4939 | D:6      | Reached XP level 9. HP: 52/56 MP: 9/9
  5098 | D:6      | Noticed Sigmund
  5118 | D:6      | Killed Sigmund
  5393 | D:7      | Noticed Fang's ghost (novice GrBe)
  5394 | D:7      | Found a transporter.
  5476 | D:7      | Got a crude amber ring
  5480 | D:7      | Noticed Joseph
  5482 | D:7      | Identified the ring "Egal" {Str+4 Int+2} (You found it on
                  | level 7 of the Dungeon)
  5504 | D:7      | Killed Joseph
  5504 | D:7      | Reached skill level 7 in Fighting
  5504 | D:7      | Reached skill level 5 in Dodging
  5859 | D:7      | Reached XP level 10. HP: 35/63 MP: 10/10
  6146 | D:7      | Reached **** piety under Trog
  6210 | D:7      | Found a glowing golden altar of the Shining One.
  6211 | D:7      | Found a blossoming altar of Fedhas.
  6211 | D:7      | Found a basalt altar of Yredelemnul.
  6211 | D:7      | Found a white marble altar of Elyvilon.
  6569 | D:7      | Found a transporter.
  6739 | D:7      | Killed Fang's ghost
  6739 | D:7      | Reached skill level 8 in Fighting
  7204 | D:8      | Noticed a three-headed hydra
  7210 | D:8      | Killed a one-headed hydra
  7289 | D:8      | Reached XP level 11. HP: 52/69 MP: 11/11
  7594 | D:9      | Noticed a two-headed ogre
  7607 | D:9      | Killed a two-headed ogre
  7607 | D:9      | Reached skill level 9 in Fighting
  7618 | D:9      | Slain by an ice beast

Levels and vault maps discovered:
D:1:      wheals_arrival_shading, layout_loops_ring
D:2:      layout_basic, chequers_temple_overflow_minitemple, fedhas_altar_2,
          uniq_natasha
D:3:      layout_basic, chequers_ecumenical_altar_simple
D:4:      lemuel_upstairs_altar, layout_basic, uniq_edmund
D:5:      layout_cave_pools, minmay_temple_entry_poolview, first_ration,
          uniq_ijyb
D:6:      layout_loops_ring, kb_rosetta, uniq_eustachio, uniq_sigmund
D:7:      minmay_the_grid_octo_2x2 [minmay_the_grid_octo_toaster,
          minmay_the_grid_octo_shrine, minmay_the_grid_octo_horde,
          minmay_the_grid_octo_prize_single_spiral], layout_rooms,
          gammafunk_ghost_stat_death, uniq_joseph
D:8:      layout_gridville, hangedman_ranch [blue_anna_fruit_fields]
D:9:      layout_cave_pools, old_standard_altar, lemuel_doored_altar,
          serial_column_ruins, column_ruins_grid_5, column_ruins_open_tiny,
          column_ruins_open_small, column_ruins_open_medium,
          column_ruins_open_tiny, kennysheep_potato
Temple:   eino_narrow_crystal_temple

Skill      XL: |  1  2  3  4  5  6  7  8  9 10 11 |
---------------+----------------------------------+-----
Axes           | 3 4 5 6 7 |  7.4
Dodging        | 2 3 4 5 6 |  6.5
Armour         | 3 4 5 7 8 |  8.6
Shields        | 1 2 3 5 6 7 8 |  8.1
Fighting       | 4 5 6 7 8 9 |  9.0

Action                   |  1- 3 |  4- 6 |  7- 9 | 10-12 || total
-------------------------+-------+-------+-------+-------++-------
Melee: Hand axe          |    96 |   225 |       |    13 ||   334
       War axe           |       |       |   316 |   207 ||   523
       Unarmed           |       |       |     6 |       ||     6
       Broad axe         |       |       |       |     3 ||     3
Invok: Berserk           |     1 |     3 |     3 |     5 ||    12
       Trog's Hand       |       |     2 |     2 |       ||     4
  Use: Scroll            |       |     1 |       |    17 ||    18
 Stab: Sleeping          |     1 |       |       |       ||     1
  Eat: Chunk             |     2 |     9 |    11 |     6 ||    28
       Ration            |       |       |     1 |     1 ||     2
Armor: Animal skin       |    32 |    86 |       |       ||   118
       Chain mail        |       |    12 |   172 |   222 ||   406
       Plate armour      |       |       |       |     7 ||     7
Dodge: Dodged            |    60 |   151 |   166 |   224 ||   601
Block: Buckler           |     9 |    52 |    73 |    80 ||   214
